 Dungeon Crawl Stone Soup version 0.29-a0-495-g17b79114eb (webtiles) character file.

Game seed: 15872195906273983854

146 croobank the Conjurer (level 5, 0/31 HPs)
             Began as an Octopode Conjurer on May 27, 2022.
             Was an Initiate of Gozag.
             Slain by an orc
             ... wielding a +0 short sword
              (6 damage)
             ... on level 5 of the Dungeon.
             The game lasted 00:10:22 (4463 turns).

croobank the Conjurer (Octopode Conjurer)           Turns: 4463, Time: 00:10:25

Health: 0/31       AC:  1    Str:  6    XL:     5   Next: 28%
Magic:  6/9        EV: 13    Int: 22    God:    Gozag
Gold:   211        SH:  0    Dex: 11    Spells: 2/9 levels left

rFire   . . .      SeeInvis .   d - +0 mace
rCold   . . .      Faith    .   (no shield)
rNeg    . . .      Spirit   .   (helmet restricted)
rPois   +          Reflect  .   (no amulet)
rElec   .          Harm     .   A - ring of poison resistance
rCorr   .          Rampage  .   (no ring)
Will    .....                   (no ring)
Stlth   +++.......              (no ring)
HPRegen 0.10/turn               (no ring)
MPRegen 0.11/turn               (no ring)
                                (no ring)
                                (no ring)

@: very slightly contaminated
A: almost no armour, amphibious, 8 rings, camouflage 1, gelatinous body 1,
(nimble swimmer 1), tentacles
a: Renounce Religion, Potion Petition, Call Merchant, Bribe Branch


You were on level 5 of the Dungeon.
You worshipped Gozag.
Gozag was aware of your devotion.
You visited 1 branch of the dungeon, and saw 5 of its levels.

You collected 342 gold pieces.
You spent 100 gold pieces at shops.
You paid 31 gold pieces to Gozag.

Inventory:

Hand Weapons
 d - a +0 mace (weapon)
 v - a +0 morningstar
Missiles
 b - 71 stones
 o - 9 poisoned darts
Jewellery
 A - a ring of poison resistance (left tentacle)
Scrolls
 h - 3 scrolls of teleportation {unknown}
 k - a scroll of acquirement {unknown}
 l - 3 scrolls of enchant weapon {unknown}
 m - a scroll of blinking {unknown}
 n - a scroll of identify {unknown}
 q - a scroll of vulnerability {unknown}
 s - a scroll of noise {unknown}
 u - a scroll of fear {unknown}
 x - a scroll of amnesia {unknown}
 y - a scroll of summoning {unknown}
 z - a scroll of poison {unknown}
Potions
 a - a potion of magic
 e - 3 potions of attraction {unknown}
 f - 4 potions of mutation {unknown}
 g - a potion of might {unknown}
 i - a potion of berserk rage {unknown}
 j - 4 potions of curing {unknown}
 p - a potion of haste {unknown}
 r - 2 potions of degeneration {unknown}
 t - a potion of lignification {unknown}
 w - a potion of heal wounds {unknown}


   Skills:
 + Level 3.1 Dodging
 + Level 4.4 Stealth
 + Level 2.9 Spellcasting
 + Level 4.7 Conjurations


You had 2 spell levels left.
You knew the following spells:

 Your Spells              Type           Power      Damage    Failure   Level
a - Magic Dart            Conj           96%        1d7       1%          1
b - Searing Ray           Conj           48%        2d6       2%          2
c - Dazzling Flash        Conj/Hex       26%        N/A       14%         3
d - Foxfire               Conj/Fire      52%        2x1d6     4%          1

Your spell library contained the following spells:

 Spells                   Type           Power      Damage    Failure   Level
 Conjure Flame            Conj/Fire      13%        6-21      14%         3
 Inner Flame              Hex/Fire       3%         N/A       36%         3
 Summon Guardian Golem    Hex/Summ       3%         N/A       36%         3
 Flame Wave               Conj/Fire      13%        2d6       43%         4
 Fulminant Prism          Conj/Hex       6%         3d7       43%         4
 Iskenderun's Mystic Bla  Conj/Tloc      13%        2d5       43%         4
 Summon Ice Beast         Ice/Summ       3%         N/A       77%         4
 Summon Mana Viper        Hex/Summ       3%         N/A       98%         5
 Monstrous Menagerie      Summ           1%         N/A       100%        7
 Orb of Destruction       Conj           12%        9d7       100%        7
 Spellforged Servitor     Conj/Summ      6%         N/A       100%        7


Dungeon Overview and Level Annotations

Branches:
Dungeon (5/15)
 Temple: D:4-7

Altars:
Dithmenos
Gozag
Hepliaklqana

Shops:
D:4 *

Annotations:
D:4 1 runed translucent door, Crazy Yiuf


Innate Abilities, Weirdness & Mutations

You cannot wear most types of armour.
You are amphibious.
You can wear up to eight rings at the same time.
Your skin changes colour to match your surroundings (Stealth+).
Your rubbery body absorbs attacks. (AC +1, EV +1)
((You are camouflaged when in or above water. (Stealth+)))
You have tentacles for arms and can constrict up to eight enemies at once.


Message History

You hit the centaur but do no damage.
The centaur is moderately wounded.
The centaur barely misses you. The centaur closely misses you.
The centaur barely misses you. The centaur kicks you.
The orc closely misses you.
Okay, then.
Okay, then.
Casting: Dazzling Flash (quite dangerous; 14% risk of failure)
Confirm with . or Enter, or press ? or * to list all spells.
The spell is quite dangerous to miscast (14% risk of failure)!
Continue anyway?
Casting: Dazzling Flash (quite dangerous; 14% risk of failure)
Press: ? - help, Dir - look around, f - activate You miscast Dazzling Flash.
You are very lightly contaminated with residual magic.
Nothing appears to happen.
The orc is no longer blind.
The centaur closely misses you. The centaur barely misses you.
The centaur hits you. The centaur closely misses you.
The orc closely misses you.
Casting: Dazzling Flash (quite dangerous; 14% risk of failure)
Confirm with . or Enter, or press ? or * to list all spells.
You don't have enough magic to cast this spell.
Magic courses through your body. The centaur barely misses you. x2
The orc hits you with a +0 short sword.
* * * LOW HITPOINT WARNING * * *
Casting: Dazzling Flash (quite dangerous; 14% risk of failure)
Confirm with . or Enter, or press ? or * to list all spells.
The spell is quite dangerous to miscast (14% risk of failure)!
Continue anyway?
Casting: Dazzling Flash (quite dangerous; 14% risk of failure)
Press: ? - help, Dir - look around, f - activate The centaur is dazzled.
The orc is dazzled.
The centaur misses you. x3
The centaur kicks you.
* * * LOW HITPOINT WARNING * * *
The orc closely misses you.
You hit the centaur. Your squeeze misses the centaur.
The centaur is moderately wounded.
The centaur closely misses you. The centaur kicks you.
* * * LOW HITPOINT WARNING * * *
The orc hits you with a +0 short sword.
You die...
Your body crumbles into a pile of gold.

####* #...* #...* #...* #...*
#...* #...### ** #..c@.#### *,
#..o#....#*# ***,
#...####.#.##*****,,, *** #...*
#<...#,,,,,,,, >,**
*****###.***##.....#$,**,* ,,,**
*,,,,,*#.,**,,.......**,,,
,,,,****,,,,,*#.,,,,*#..###.*,,,,
,,,,,,,,,,,,,,..,,,***....,,*,,,,
,,,,****,,,,,***,,,,,,.....,*,,,,


You could see a centaur (blind) and an orc (blind).

Vanquished Creatures
  Jessica (D:3)
  4 adders
  3 worms
  4 dart slugs (D:2)
  An orc (D:4)
  2 ball pythons
  A bat (D:1)
  6 endoplasms
  4 giant cockroaches
  7 hobgoblins
  8 jackals
  4 kobolds
  A quokka (D:3)
  3 frilled lizards
  7 goblins
  5 rats
61 creatures vanquished.

Vanquished Creatures (others)
  3 foxfires
3 creatures vanquished.

Grand Total: 64 creatures vanquished

Notes
Turn   | Place    | Note
-------+----------+-------------------------------------------
     0 | D:1      | croobank the Octopode Conjurer began the quest for the Orb.
     0 | D:1      | Reached XP level 1. HP: 11/11 MP: 3/3
   340 | D:1      | Reached XP level 2. HP: 17/17 MP: 1/5
   343 | D:1      | Learned a level 2 spell: Searing Ray
   533 | D:1      | You fall into a shaft and drop 1 floor!
   637 | D:1      | Found a faded altar of an unknown god.
  1193 | D:2      | Reached XP level 3. HP: 11/21 MP: 0/6
  2296 | D:2      | Reached XP level 4. HP: 21/27 MP: 7/7
  2381 | D:2      | Learned a level 3 spell: Dazzling Flash
  3119 | D:3      | Found an opulent altar of Gozag.
  3129 | D:3      | Became a worshipper of Gozag Ym Sagoz the Greedy
  3603 | D:3      | Noticed Jessica
  3611 | D:3      | Killed Jessica
  3612 | D:3      | Reached XP level 5. HP: 27/31 MP: 9/9
  3709 | D:3      | Found a hazy altar of Hepliaklqana.
  3710 | D:3      | Found a shadowy altar of Dithmenos.
  3711 | D:3      | Noticed a shadow
  3900 | D:4      | Learned a level 1 spell: Foxfire
  4200 | D:4      | Found a runed translucent door.
  4201 | D:4      | Noticed Crazy Yiuf
  4268 | D:4      | Found Mydep's CLEARANCE SALE!.
  4276 | D:4      | Bought a ring of poison resistance for 100 gold pieces
  4445 | D:5      | Entered Level 5 of the Dungeon
  4449 | D:5      | Noticed a centaur
  4463 | D:5      | Slain by an orc

Illustrated notes

Levels and vault maps discovered:
D:1:      wander_arrival_estate, layout_basic,
          shapermc_ecumenical_altar_hornbeckon, minmay_pentomino_o4
D:2:      layout_basic, bh_walls_and_bars
D:3:      layout_rooms, riverfiend_overflow_shadow_ancestor,
          grunt_gozag_statues, uniq_jessica
D:4:      layout_rooms, hex_medium, nicolae_shop_clearance,
          uniq_crazy_yiuf_cottage
D:5:      layout_rooms, marbit_many_paths, nemelex_dance_club_becter,
          nicolae_ossuary_entry_catacombs, goddamned_bats, uniq_prince_ribbit1

Skill      XL: |  1  2  3  4 |
---------------+-------------+-----
Stealth        | 3 4 |  4.4
Dodging        | 3 |  3.1
Spellcasting   | |  2.9
Conjurations   | |  4.7

Action                   |  1- 3 |  4- 6 || total
-------------------------+-------+-------++-------
Melee: Mace              |    52 |    50 ||   102
       Tentacles         |    12 |    13 ||    25
       Constrict         |    14 |    14 ||    28
       Punch             |     1 |       ||     1
 Cast: Magic Dart        |    33 |    19 ||    52
       Dazzling Flash    |       |     6 ||     6
       Searing Ray       |       |     1 ||     1
       Foxfire           |       |     3 ||     3
  Use: Scroll            |       |     1 ||     1
       Potion            |       |     1 ||     1
 Stab: Sleeping          |     7 |     6 ||    13
Armor: Skin              |     5 |     3 ||     8
Dodge: Dodged            |    46 |    54 ||   100

Table legend: (Time is in decaauts)
 A = Elapsed time spent in this place.
 B = Non-inter-level travel time spent in this place.
 C = Inter-level travel time spent in this place.
 D = Time resting spent in this place.
 E = Time spent auto-exploring this place.
 F = Levels seen in this place.
 G = Mean time per level.
                   A        B        C        D        E       F      G
               +--------+--------+--------+--------+--------+-----+--------+
         Total |   4500 |   4331 |    169 |    684 |   3071 |   5 |  900.0 |
       Dungeon |   4500 |   4331 |    169 |    684 |   3071 |   5 |  900.0 |
               +--------+--------+--------+--------+--------+-----+--------+

Top non-repeatable levels by time:
     D:2: 1963 daAuts
     D:1: 955 daAuts
     D:3: 927 daAuts
     D:4: 634 daAuts
     D:5: 19 daAuts
